 Dungeon Crawl Stone Soup version 0.17-a0-1763-g847a857 (webtiles) character file.

117 CuntPokingMan the Skirmisher (level 5, -1/50 (51) HPs)
             Began as a Ghoul Wanderer on Sept 5, 2015.
             Was an Initiate of Okawaru.
             Slain by a gnoll
             ... wielding a +0 club
              (3 damage)
             ... on level 4 of the Dungeon.
             The game lasted 00:25:16 (2101 turns).

CuntPokingMan the Skirmisher (Ghoul Wanderer)       Turns: 2101, Time: 00:25:16

HP:   -1/50 (51)    AC:  8    Str: 16    XL:     5   Next: 1%
MP:   4/4           EV: 11    Int:  7    God:    Okawaru [......]
Gold: 197           SH:  0    Dex:  9    Spells: 0 memorised, 4 levels left

rFire  + + .     SeeInvis .     r - +3 long sword
rCold  + . .     Clarity  .     q - +0 ring mail {rF+}
rNeg   + + +     SustAt   .     (no shield)
rPois  ∞         Gourm    .     s - +0 helmet
rElec  .         Spirit   .     (no cloak)
rCorr  .         Warding  .     f - +1 pair of gloves
rMut   .         Stasis   .     (no boots)
MR     .....                    (no amulet)
Stlth  +.........               (no ring)
                                h - ring of protection from fire

@: rotting, not resistant to hostile enchantments, very unstealthy
A: rotting body, claws 1, carnivore 3, cold resistance 1, negative energy
resistance 3, slow healing 1, torment resistance, unbreathing
a: Renounce Religion


You were on level 4 of the Dungeon.
You worshipped Okawaru.
Okawaru was noncommittal.
You were not hungry.

You visited 1 branch of the dungeon, and saw 4 of its levels.

You collected 197 gold pieces.

Inventory:

Hand weapons
 b - a +0 short sword
 i - a +4 falchion of distortion
 r - a +3 long sword (weapon)
Armour
 f - a +1 pair of gloves (worn)
 q - a +0 ring mail of fire resistance (worn)
 s - a +0 helmet (worn)
Jewellery
 h - a ring of protection from fire (left hand)
Magical devices
 a - a wand of confusion (48)
Scrolls
 n - a scroll of noise
 u - a scroll of identify
Potions
 c - 2 potions of curing
 d - a potion of degeneration {unknown}
 e - a potion of might {unknown}
 g - a potion of resistance
 j - 2 potions of flight {unknown}
 k - a potion of brilliance {unknown}
 o - a potion of haste {unknown}
Comestibles
 p - a chunk of flesh
 t - a beef jerky


   Skills:
 + Level 6.6 Fighting
 + Level 1.0(1.1) Short Blades
 + Level 0.8(1.1) Long Blades
   Level 1.0 Axes
 + Level 1.2 Armour
 + Level 2.0 Dodging
 + Level 1.3 Stealth
 + Level 1.0 Evocations


You had 4 spell levels left.
You didn't know any spells.

Dungeon Overview and Level Annotations

Branches:
Dungeon (4/15)
 Temple: D:4-7

Altars:
Okawaru
Qazlal


Innate Abilities, Weirdness & Mutations

Your body is rotting away.
You thrive on raw meat.
You are immune to poison.
You have sharp fingernails.
You are carnivorous and can eat meat at any time.
Your flesh is cold resistant.
You are immune to negative energy.
You heal slowly when monsters are visible.
You are immune to unholy pain and torment.
You can survive without breathing.


Message History

The gnoll barely misses you. The gnoll closely misses you.
You hit the gnoll.
The gnoll is heavily wounded.
The gnoll hits you with a club.
* * * LOW HITPOINT WARNING * * *
The gnoll barely misses you.
The gnoll hits you from afar with a spear.
* * * LOW HITPOINT WARNING * * *
Read which item? (? for menu, Esc to quit)
Charge which item? (? for menu, Esc to quit)
As you read the scroll of recharging, it crumbles to dust.
Your wand of confusion (15) glows for a moment and now has 48 charges.
The gnoll hits you with a flail.
* * * LOW HITPOINT WARNING * * *
The gnoll hits you but does no damage. x2
Read which item? (? for menu, Esc to quit)
As you read the scroll labeled NARIBOCV ZEDA, it crumbles to dust.
The creatures around you are filled with an inner flame!
It was a scroll of immolation.
The gnoll hits you with a club.
You die...

#.........
#.........
#.........
#$........
#.....).
##.....
#..g)###+#
#..gg....#
#...@#####
#....# #....#
#....# #....#
#....# #....#
#....# .#
#....#########
..#


You could see 3 gnolls.

Vanquished Creatures
  A hound skeleton (D:3)
  A gnoll (D:4)
  3 adders
  An ooze (D:2)
  2 worms (D:2)
  A giant gecko (D:1)
  4 giant cockroaches
  7 goblins
  7 hobgoblins
  A jackal (D:3)
  7 bats
  3 giant newts
  5 kobolds
  A quokka (D:2)
  7 rats
51 creatures vanquished.

Vanquished Creatures (others)
  An adder (D:2)
1 creature vanquished.

Grand Total: 52 creatures vanquished

Notes
Turn   | Place    | Note
--------------------------------------------------------------
     0 | D:1      | CuntPokingMan the Ghoul Wanderer began the quest for the Orb.
     0 | D:1      | CuntPokingMan set off with: a wand of confusion (15), a +0 short sword, a potion of curing, a +0 robe, a meat ration
     0 | D:1      | Reached XP level 1. HP: 23/23 MP: 0/0
   112 | D:1      | Found an iron altar of Okawaru.
   133 | D:1      | Reached XP level 2. HP: 18/30 MP: 1/1
   368 | D:1      | Became a worshipper of Warmaster Okawaru
   510 | D:1      | Reached skill level 6 in Fighting
   811 | D:2      | Reached XP level 3. HP: 14/36 MP: 2/2
  1181 | D:2      | Reached XP level 4. HP: 45/45 MP: 3/3
  1638 | D:3      | Noticed an air elemental
  1642 | D:3      | Noticed a fire elemental
  1644 | D:3      | Found a stormy altar of Qazlal.
  1646 | D:3      | Noticed a water elemental
  1647 | D:3      | Noticed an earth elemental
  1884 | D:3      | Reached skill level 1 in Armour
  2089 | D:4      | Reached XP level 5. HP: 50/50 MP: 4/4
  2100 | D:4      | HP: 2/50 [gnoll/flail (3)]
  2101 | D:4      | Slain by a gnoll

Vault maps used:
D:1:      zaba_arrival_water, okawaru_ov_weapons_minmay
D:3:      nicolae_qazlal_style_of_elements, first_bread, serial_aquarium,
          aquarium_bridge_long_joined, aquarium_window_double,
          aquarium_window_fake, aquarium_window_1, aquarium_window_fake,
          aquarium_view_2e, aquarium_balcony_1b, minmay_misc_feat_secret_circle,
          minmay_vboxes
D:4:      nemelex_lonely_heart_becter

Action                   |  1- 3 |  4- 6 || total
-------------------------+-------+-------++-------
Melee: Short sword       |    24 |       ||    24
       Falchion          |    74 |     9 ||    83
       Long sword        |       |    46 ||    46
  Use: Scroll            |     6 |     6 ||    12
 Stab: Sleeping          |     1 |       ||     1
  Eat: Chunk             |     9 |     3 ||    12
       Meat ration       |     1 |       ||     1
